 Dungeon Crawl Stone Soup version 0.30.1-11-g7821555f0a (webtiles) character file.

Game seed: 15688069557813434886

1943 Okkudo the Cleaver (level 9, -1/79 HPs)
             Began as a Hill Orc Monk on Dec 3, 2023.
             Was a Priest of Beogh.
             Slain by a yak (10 damage)
             ... on level 7 of the Dungeon.
             The game lasted 00:20:20 (5838 turns).

Okkudo the Cleaver (Hill Orc Monk)                  Turns: 5838, Time: 00:20:20

Health: -1/79      AC:  7    Str: 18    XL:     9   Next: 18%
Magic:  9/9        EV:  8    Int: 14    God:    Beogh [***...]
Gold:   67         SH:  0    Dex: 13    Spells: 8/8 levels left

rFire   . . .        b - +0 war axe
rCold   + . .        d - orb {light}
rNeg    . . .        x - +0 chain mail
rPois   .            w - +0 helmet "Fabbibik" {*Corrode Regen+ Int+4}
rElec   .            z - +0 cloak
rCorr   .            a - +0 pair of gloves
SInv    .            (no boots)
Will    +....        (no amulet) Stlth
                     o - ring of willpower
HPRegen 1.13/turn    i - ring of protection from cold
MPRegen 0.11/turn

%: corrode self (3%)
@: corroded, glowing
A: no striking features
a: Renounce Religion, Smiting


You were on level 7 of the Dungeon.
You worshipped Beogh.
Beogh was most pleased with you.
You visited 1 branch of the dungeon, and saw 7 of its levels.

You collected 320 gold pieces.
You spent 253 gold pieces at shops.

Inventory:

Hand Weapons
 b - a +0 war axe (weapon)
Missiles
 v - 4 javelins (quivered)
Armour
 a - a +0 pair of gloves (worn)
 d - an orb of light (worn)
 w - the +0 helmet "Fabbibik" (worn) {*Corrode Regen+ Int+4}
   (You bought it in a shop on level 3 of the Dungeon)

   Int:       It affects your intelligence (+4).
   Regen:     It increases your rate of health regeneration.
   *Corrode:  It may corrode you when you take damage.
 x - a +0 chain mail (worn)
 z - a +0 cloak (worn)
Jewellery
 i - a ring of protection from cold (right hand)
 o - a ring of willpower (left hand)
Wands
 n - a wand of paralysis (11)
 u - a wand of roots (10)
 D - a wand of flame (22)
Scrolls
 e - a scroll of magic mapping
 f - 2 scrolls of amnesia
 l - a scroll of fog
 p - a scroll of butterflies {unknown}
 r - 2 scrolls of poison {unknown}
 s - 5 scrolls of vulnerability
 t - 4 scrolls of teleportation {unknown}
 y - a scroll of immolation {unknown}
 B - a scroll of enchant armour {unknown}
 E - a scroll of identify
Potions
 c - a potion of ambrosia
 g - 4 potions of haste {unknown}
 h - a potion of attraction {unknown}
 j - 3 potions of curing
 k - 2 potions of flight {unknown}
 m - 2 potions of heal wounds
 q - a potion of might {unknown}
 A - a potion of cancellation {unknown}
 C - a potion of berserk rage {unknown}


   Skills:
 + Level 7.6 Fighting
 * Level 13.6 Axes
 - Level 2.7 Dodging


You had 8 spell levels left.
You didn't know any spells.
Your spell library contained the following spells:

 Spells                   Type           Power      Damage    Failure   Level
 Blink                    Tloc           0%         N/A       99%         2
 Cigotuvi's Dreadful Rot  Necr/Pois/Air  0%         N/A       99%         2
 Lesser Beckoning         Tloc           0%         N/A       99%         2
 Momentum Strike          Conj/Tloc      0%         3d8       99%         2
 Static Discharge         Conj/Air       0%         2-2/arc   99%         2
 Ignite Poison            Fire/Tmut/Pois 0%         N/A       100%        3
 Summon Guardian Golem    Hex/Summ       0%         N/A       100%        3
 Airstrike                Air            0%         2d(0-16)  100%        4
 Summon Lightning Spire   Summ/Air       0%         N/A       100%        4
 Freezing Cloud           Conj/Ice/Air   0%         6-21      100%        5
 Orb of Destruction       Conj           0%         9d5       100%        7
 Spellforged Servitor     Conj/Summ      0%         N/A       100%        7


Dungeon Overview and Level Annotations

Branches:
Dungeon (7/15)
 Temple: D:4-7

Altars:
Xom
The Shining One

Shops:
D:3 [   D:6 *


Message History

The yak attacks as you move away! The yak gores you.
You open the door. The yak gores you. The yak gores you.
There is an open door here.
You hit the yak.
The yak is lightly wounded.
You slash the yak!
The yak is moderately wounded.
The yak gores you but does no damage.
You hit the yak.
The yak is heavily wounded.
You hit the yak but do no damage.
The yak is severely wounded.
You slash the yak! The yak gores you!
You slash the yak!
You kill the yak!
Beogh accepts your kill.
You hit the yak. x2; The yak gores you but does no damage.
The yak gores you.
Your corrosive artefact corrodes you!
You hit the yak but do no damage.
The yak is severely wounded.
You hit the scorpion. You hit the yak but do no damage.
The scorpion stings you but does no damage.
The yak gores you!
* * * LOW HITPOINT WARNING * * *
The yak gores you.
* * * LOW HITPOINT WARNING * * *
You hit the yak but do no damage.
The yak is almost dead.
You hit the scorpion but do no damage. You hit the yak.
The scorpion barely misses you.
You slash the yak!
You kill the yak!
Beogh accepts your kill.
You hit the scorpion. You hit the yak but do no damage.
The yak completely misses you. The scorpion stings you.
* * * LOW HITPOINT WARNING * * *
As you read the scroll of fog, it crumbles to dust.
The scroll dissolves into smoke.
The yak gores you!
You die...

'8.##.##.8+ ...#
#...#'#...#....... ...#
##...'...##....... s..#
.##.....##........ ...##+#
..##.8.##........#+#####.......
...##.##.........#.....#.......
....#'#.......§§§#.....'.......
.....'........§§Y#§....#.......
#.............§§@s§....#.......
#..............§§###...#.......
#......#'###########...########
#......#................#
#......#................#
#......##..####...###...#
#.......#..####...###...#
#.......#[...#..........#
#.......#....#..........#


You could see a yak and a scorpion.

Vanquished Creatures
  3 yaks (D:7)
  2 water moccasins
  2 black bears
  2 sky beasts (D:6)
  An ice beast (D:6)
  A centaur (D:5)
  A phantom (D:6)
  2 scorpions (D:6)
  3 hounds
  A jelly (D:5)
  Crazy Yiuf (D:2)
  3 sleepcaps
  A gnoll bouda (D:6)
  2 iguanas
  2 orc wizards (D:4)
  3 gnolls (D:6)
  7 adders
  2 shadow imps
  3 white imps
  A worm (D:2)
  3 dart slugs
  6 orcs
  7 ball pythons
  7 endoplasms
  7 giant cockroaches
  6 goblins
  7 hobgoblins
  8 jackals (D:2)
  6 quokkas
  4 bats
  4 frilled lizards
  7 kobolds
  6 rats
121 creatures vanquished.

Vanquished Creatures (others)
  A goblin (D:3)
  A rat (D:3)
2 creatures vanquished.

Grand Total: 123 creatures vanquished

Notes
Turn   | Place    | Note
-------+----------+-------------------------------------------
     0 | D:1      | Okkudo the Hill Orc Monk began the quest for the Orb.
     0 | D:1      | Reached XP level 1. HP: 19/19 MP: 1/1
   213 | D:1      | Reached XP level 2. HP: 22/27 MP: 2/2
   412 | D:1      | Reached XP level 3. HP: 33/33 MP: 3/3
   941 | D:2      | Reached skill level 5 in Axes
  1025 | D:2      | You fall into a shaft and drop 1 floor!
  1026 | D:3      | Found Lamn's Antique Armour Shop.
  1057 | D:3      | Reached XP level 4. HP: 35/40 MP: 4/4
  1057 | D:3      | Became a worshipper of Beogh the Brigand
  1057 | D:3      | Reached * piety under Beogh
  1057 | D:3      | Reached ** piety under Beogh
  1226 | D:2      | Reached skill level 6 in Axes
  1343 | D:2      | Found a runed translucent door.
  1344 | D:2      | Noticed Crazy Yiuf
  1880 | D:2      | Killed Crazy Yiuf
  1881 | D:2      | Reached XP level 5. HP: 12/46 MP: 5/5
  2385 | D:3      | Reached skill level 7 in Axes
  2876 | D:4      | Reached *** piety under Beogh
  3132 | D:4      | Found a shimmering altar of Xom.
  3159 | D:4      | Noticed a water moccasin
  3167 | D:4      | Killed a water moccasin
  3168 | D:4      | Reached skill level 8 in Axes
  3168 | D:4      | Reached XP level 6. HP: 43/52 MP: 6/6
  3231 | D:4      | Reached skill level 9 in Axes
  3552 | D:5      | Entered Level 5 of the Dungeon
  3597 | D:5      | Reached XP level 7. HP: 18/59 MP: 7/7
  4032 | D:5      | Reached skill level 10 in Axes
  4255 | D:5      | Found a glowing golden altar of the Shining One.
  4382 | D:6      | Reached skill level 5 in Fighting
  4399 | D:6      | Reached skill level 11 in Axes
  4399 | D:6      | Reached XP level 8. HP: 28/69 MP: 8/8
  4741 | D:3      | Bought a fine helmet for 199 gold pieces
  4741 | D:3      | Identified the +0 helmet "Fabbibik" {*Corrode Regen+ Int+4}
                  | (You bought it in a shop on level 3 of the Dungeon)
  4999 | D:6      | Reached skill level 12 in Axes
  5075 | D:6      | Found Fuitubi's General Store.
  5085 | D:6      | Bought a +0 cloak for 54 gold pieces
  5813 | D:7      | Noticed a yak
  5813 | D:7      | Noticed a yak
  5815 | D:7      | Noticed a yak
  5815 | D:7      | Noticed a yak
  5821 | D:7      | Killed a yak
  5822 | D:7      | Reached skill level 13 in Axes
  5822 | D:7      | Reached XP level 9. HP: 39/79 MP: 9/9
  5838 | D:7      | Slain by a yak

Illustrated notes

Levels and vault maps discovered:
D:1:      ebering_trefoil_twist, layout_basic, ebering_dispersal_statue_hall
D:2:      layout_loops_ring, uniq_crazy_yiuf_cottage
D:3:      layout_loops_ring, serial_shops, shop
D:4:      layout_gridville, mainiacjoe_overflow_24_doors
D:5:      layout_rooms, mainiacjoe_overflow_six_doors_small,
          kennysheep_cross_bottleneck
D:6:      layout_gridville, serial_shops, nicolae_shop_advertising_works
          [nicolae_subvault_shop_adworks]
D:7:      layout_gridville, temple_fountains, enter_bailey_6,
          gammafunk_ghost_grave, grunt_decor_arrowhead

Skill      XL: |  1  2  3  4  5  6  7  8 |
---------------+-------------------------+-----
Fighting       | 4 5 7 |  7.6
Axes           | 5 6 8 9 11 13 | 13.6
Dodging        | |  2.7

Action                     |  1- 3 |  4- 6 |  7- 9 || total
---------------------------+-------+-------+-------++-------
  Melee: Hand axe          |    34 |       |       ||    34
         War axe           |    38 |   143 |   138 ||   319
  Throw: Javelin           |       |     6 |    10 ||    16
 Invoke: Convert to Beogh  |       |     1 |       ||     1
    Use: Scroll            |       |     4 |     2 ||     6
         Potion            |       |     1 |       ||     1
 Armour: Ring mail         |    14 |       |       ||    14
         Robe              |     1 |       |       ||     1
         Scale mail        |    14 |    72 |    19 ||   105
         Chain mail        |       |       |    49 ||    49
  Dodge: Dodged            |    38 |    99 |    67 ||   204
